 Dungeon Crawl Stone Soup version 0.24.1 (webtiles) character file.

Game seed: 14925342024059042241, levelgen mode: deterministic

679 Destapler the Sneak (level 7, 43/60 HPs)
             Began as a Purple Draconian Berserker on Mar 31, 2020.
             Was a Priest of Trog.
             Got out of the dungeon alive.
             The game lasted 00:19:16 (3749 turns).

Destapler the Sneak (Purple Draconian Berserker)    Turns: 3749, Time: 00:19:17

Health: 43/60      AC:  8    Str: 19    XL:     7   Next: 34%
Magic:  8/8        EV: 13    Int:  7    God:    Trog [***...]
Gold:   249        SH:  0    Dex: 13    Spells: 6/6 levels left

rFire    . . .     SeeInvis .   w - +3 dagger
rCold    . . .     Gourm    .   (no shield)
rNeg     + . .     Faith    .   (armour unavailable)
rPois    .         Spirit   .   (helmet restricted)
rElec    .         Reflect  .   D - +1 cloak
rCorr    .         Harm     .   (no gloves)
MR       +....                  (no boots)
Stlth    +++.......             (no amulet)
HPRegen  0.20/turn              f - ring of positive energy
MPRegen  0.11/turn              y - ring of flight

@: no status effects
A: breathe power, unfitting armour, cold-blooded, AC +6
a: Breathe Dispelling Energy, Berserk, Trog's Hand, Renounce Religion, Evoke
Flight


You escaped.
You worshipped Trog.
Trog was most pleased with you.
You were not hungry.

You visited 1 branch of the dungeon, and saw 5 of its levels.

You collected 249 gold pieces.

Inventory:

Hand Weapons
 a - a +0 falchion
 w - a +3 dagger (weapon)
Missiles
 g - 6 atropa-tipped darts
 p - 2 boomerangs
 s - 6 poisoned darts (quivered)
Armour
 k - a +0 large shield
 D - a +1 cloak (worn)
Jewellery
 f - a ring of positive energy (left hand)
 y - a ring of flight (right hand)
Wands
 i - a wand of digging (5)
 t - a wand of flame (14)
 C - a wand of iceblast (11)
Scrolls
 c - 4 scrolls of remove curse
 h - 2 scrolls of identify
Potions
 d - a potion of ambrosia {unknown}
 e - 2 potions of heal wounds
 j - a potion of lignification {unknown}
 l - a potion of brilliance {unknown}
 m - a potion of flight {unknown}
 n - a potion of cancellation {unknown}
 o - a potion of magic {unknown}
 q - 2 potions of degeneration
 u - 2 potions of berserk rage {unknown}
 x - a potion of agility {unknown}
 A - a potion of haste {unknown}
Comestibles
 b - 9 rations
 r - a chunk of flesh


   Skills:
 + Level 4.4 Fighting
 - Level 3.3 Long Blades
 - Level 3.0 Throwing
 + Level 3.5 Dodging
 - Level 5.0 Stealth
 + Level 1.4 Shields
 + Level 1.8 Evocations


You had 6 spell levels left.
You didn't know any spells.
Your spell library was empty.

Dungeon Overview and Level Annotations

Branches:
Dungeon (5/15)
 Temple: D:4-7

Altars:
Kikubaaqudgha
Xom
The Shining One


Innate Abilities, Weirdness & Mutations

You can breathe bolts of dispelling energy.
Your rich purple scales are hard. (AC +6)
You cannot fit into any form of body armour.
You are cold-blooded and may be slowed by cold attacks.


Message History

There is a stone staircase leading down here.
There is a stone staircase leading up here.
You climb upwards.
There is a stone staircase leading down here.
There is a stone staircase leading up here.
You climb upwards.
There is a stone staircase leading down here.
There is an open door here.
Things that are here:
a +0 scale mail; a +0 short sword
There is a stone staircase leading up, spattered with blood here.
You climb upwards.
There is a stone staircase leading down here.
There is a stone staircase leading up here.
You climb upwards.
There is a stone staircase leading down here.
There is a large open door here.
There is a staircase leading out of the dungeon here.
Are you sure you want to leave the Dungeon?
This will make you lose the game!
You have escaped!

#P.≈≈≈≈≈≈#
#...
#.≈≈≈≈PPP#
###.
##.≈≈≈≈≈P#
#.
##.≈≈≈≈≈#
#.
#P.≈≈≈≈≈#
#.
#.≈≈≈≈≈≈#
#.
#P.≈≈≈≈P#
#.
###..≈≈≈≈#
#.
#@.≈≈≈≈≈P#
#.
##########
#. ##


There were no monsters in sight!

Vanquished Creatures
  A phantom (D:4)
  An orc warrior (D:4)
  A centaur (D:5)
  A gnoll shaman (D:5)
  An orc wizard (D:5)
  An orc priest (D:3)
  Terence (D:3)
  Natasha (thrice) (D:3)
  A worker ant (D:5)
  8 gnolls
  A howler monkey skeleton (D:5)
  2 adders
  2 worms
  3 leopard geckos
  10 orcs
  4 bats
  8 giant cockroaches
  7 goblins
  7 hobgoblins
  2 jackals (D:2)
  3 quokkas
  4 frilled lizards
  17 kobolds
  6 rats
95 creatures vanquished.

Notes
Turn   | Place    | Note
-------+----------+-------------------------------------------
     0 | D:1      | Destapler the Draconian Berserker began the quest for the
                  | Orb.
     0 | D:1      | Reached XP level 1. HP: 19/19 MP: 1/1
   194 | D:1      | Reached XP level 2. HP: 26/26 MP: 2/2
   849 | D:2      | Reached XP level 3. HP: 26/33 MP: 3/3
   894 | D:2      | Reached skill level 1 in Stealth
   899 | D:2      | Reached XP level 4. HP: 25/40 MP: 4/4
  1112 | D:2      | Reached ** piety under Trog
  1112 | D:2      | Reached skill level 1 in Throwing
  1175 | D:2      | Noticed an orc warrior
  1185 | D:2      | Reached skill level 2 in Stealth
  1298 | D:2      | Found an ancient bone altar of Kikubaaqudgha.
  1656 | D:3      | Reached XP level 5. HP: 46/46 MP: 5/5
  1761 | D:3      | Noticed Terence
  1790 | D:3      | Killed Terence
  1790 | D:3      | Reached skill level 3 in Stealth
  1843 | D:3      | Found a faded altar of an unknown god.
  1944 | D:3      | Found a glowing golden altar of the Shining One.
  1953 | D:3      | Noticed Natasha
  1981 | D:3      | Killed Natasha
  1996 | D:3      | Noticed Natasha
  2002 | D:3      | Killed Natasha
  2268 | D:3      | Reached *** piety under Trog
  2551 | D:3      | Noticed Natasha
  2560 | D:3      | Killed Natasha
  2560 | D:3      | Reached skill level 4 in Stealth
  2560 | D:3      | Reached XP level 6. HP: 52/52 MP: 6/6
  2966 | D:4      | Killed an orc warrior
  3131 | D:4      | Reached skill level 5 in Stealth
  3175 | D:4      | Found a shimmering altar of Xom.
  3497 | D:5      | Entered Level 5 of the Dungeon
  3584 | D:5      | Your scales start taking on a rich purple colour.
  3584 | D:5      | Reached skill level 1 in Evocations
  3584 | D:5      | Reached XP level 7. HP: 59/59 MP: 7/7
  3592 | D:5      | Reached skill level 1 in Shields
  3749 | D:$      | Got out of the dungeon alive.

Levels and vault maps discovered:
D:1:      lightli_arrival_windingriver, layout_loops_ring, minivault_5,
          bh_walls_and_bars
D:2:      layout_rooms, kiku_gazebo_pond_becter
D:3:      corexii_shack_village, layout_loops_corners, tso_metal_star,
          chequers_ecumenical_altar_simple, minmay_misc_feat_tiny, uniq_natasha,
          uniq_terence
D:4:      layout_basic, xom_teletrap_fun
D:5:      layout_rooms, kennysheep_ying_yang, okawaru_gym_becter, first_ration,
          nrook_mini_backslash

Skill      XL: |  1  2  3  4  5  6  7 |
---------------+----------------------+-----
Dodging        | 3 |  3.5
Stealth        | 1 2 4 5 |  5.0
Fighting       | 4 |  4.4
Throwing       | 1 2 3 |  3.0
Evocations     | 1 |  1.8
Shields        | 1 |  1.4
Long Blades    | |  3.3

Action                   |  1- 3 |  4- 6 |  7- 9 || total
-------------------------+-------+-------+-------++-------
Melee: Falchion          |    68 |   118 |       ||   186
       Tailslap          |     8 |    29 |     7 ||    44
       Dagger            |       |    58 |    31 ||    89
Throw: Dart              |     1 |    15 |       ||    16
Invok: Berserk           |     1 |     6 |       ||     7
       Trog's Hand       |       |     3 |       ||     3
  Use: Scroll            |       |     8 |       ||     8
 Stab: Sleeping          |       |     5 |       ||     5
       Invisible         |       |     7 |       ||     7
  Eat: Chunk             |       |    12 |     2 ||    14
       Ration            |       |     1 |       ||     1
Armor: Skin              |    14 |    42 |    13 ||    69
Dodge: Dodged            |    43 |   121 |    27 ||   191
       Rpst.: Falchion   |    12 |    27 |       ||    39
